 Dungeon Crawl Stone Soup version 0.21-a0-426-g98080a9 (webtiles) character file.

1622 tof the Carver (level 8, -9/102 (105) HPs)
             Began as a Minotaur Berserker on Nov 5, 2017.
             Was a Priest of Trog.
             Mangled by a white ugly thing (33 damage)
             ... on level 6 of the Dungeon.
             The game lasted 00:11:39 (6654 turns).

tof the Carver (Minotaur Berserker)                 Turns: 6654, Time: 00:11:40

HP:   -9/102 (105)  AC: 11    Str: 27    XL:     8   Next: 65%
MP:   7/7           EV: 11    Int:  4    God:    Trog [***...]
Gold: 88            SH: 15    Dex: 12    Spells: 7/7 levels left

rFire    . . .     SeeInvis .   G - +1 falchion (vamp)
rCold    . . .     Gourm    +   u - +0 large shield
rNeg     . . .     Faith    .   s - +0 ring mail
rPois    .         Spirit   .   (helmet restricted)
rElec    .         Reflect  .   K - +0 cloak
rCorr    .         Harm     .   m - +0 pair of gloves
MR       .....                  v - +2 pair of boots
Stlth    ..........             p - amulet of the gourmand
HPRegen  0.27/turn              d - +2 ring of evasion
MPRegen  0.10/turn              (no ring)

@: berserking, very quick
A: retaliatory headbutt, horns 2
a: Berserk, Trog's Hand, Burn Spellbooks, Renounce Religion


You were on level 6 of the Dungeon.
You worshipped Trog.
Trog was most pleased with you.
You were very full.

You visited 1 branch of the dungeon, and saw 7 of its levels.

You collected 264 gold pieces.
You spent 176 gold pieces at shops.

Inventory:

Hand Weapons
 a - a +0 falchion
 G - a +1 vampiric falchion (weapon)
Missiles
 t - 19 poisoned needles
 B - 5 silver tomahawks (quivered)
Armour
 m - a +0 pair of gloves (worn)
 s - a +0 ring mail (worn)
 u - a +0 large shield (worn)
 v - a +2 pair of boots (worn)
 K - a +0 cloak (worn)
Jewellery
 d - a +2 ring of evasion (left hand)
 e - a +2 amulet of reflection
 p - an amulet of the gourmand (around neck)
Scrolls
 f - 6 scrolls of magic mapping
 k - 3 scrolls of remove curse
 o - 3 scrolls of teleportation
 q - 2 scrolls of blinking
 y - 2 scrolls of recharging
 z - a scroll of amnesia {unknown}
 C - a scroll of random uselessness {unknown}
 E - 2 scrolls of enchant armour {unknown}
Potions
 b - a potion of agility {unknown}
 g - 3 potions of might {unknown}
 h - 3 potions of mutation {unknown}
 l - 2 potions of flight {unknown}
 n - 2 potions of curing {unknown}
 r - a potion of degeneration {unknown}
 x - a potion of lignification {unknown}
 A - 2 potions of brilliance {unknown}
 F - 2 potions of invisibility {unknown}
 H - a potion of haste {unknown}
Comestibles
 c - 4 bread rations
 i - 7 fruits
 j - 6 meat rations
 w - a royal jelly


   Skills:
 + Level 6.2 Fighting
 * Level 8.0 Long Blades
 + Level 3.9 Throwing
 + Level 5.3 Armour
 + Level 5.0 Dodging
 + Level 4.3 Shields


You had 7 spell levels left.
You didn't know any spells.

Dungeon Overview and Level Annotations

Branches:
Dungeon (7/15)             Temple (0/1) D:4

Altars:
Ashenzari
Dithmenos
Nemelex Xobeh
Zin

Shops:
D:4 (


Innate Abilities, Weirdness & Mutations

You reflexively headbutt those who attack you in melee.
You have a pair of horns on your head.


Message History

The cyan ugly thing basks in the mutagenic energy from its kin and changes!
The cyan ugly thing basks in the mutagenic energy from its kin and changes!
There is a stone staircase leading up here.
The white ugly thing tail-slaps you! The white ugly thing freezes you!
You climb upwards.
There is a stone staircase leading down here.
You don't know any spells.
A red film seems to cover your vision as you go berserk!
You feel yourself moving faster!
You feel mighty! The white ugly thing tail-slaps you!
The white ugly thing freezes you!
You hit the white ugly thing.
Your headbutt misses the white ugly thing.
The white ugly thing is lightly wounded.
You hit the white ugly thing.
You feel better.
You headbutt the white ugly thing!
The white ugly thing is moderately wounded.
The white ugly thing tail-slaps you!
* * * LOW HITPOINT WARNING * * *
The white ugly thing freezes you!!
You die...

...######..............###....#..
..........####.........# #....#≈.
..###########..........###....#§§
.....######.....#########.....#§§
......##.....#### #.....#≈§
.........###.# ##.....#§§
......(#####.###########......#§§
.......# ##..#.u......##########.
.......# #......@.....#≈≈≈≈≈≈≈##.
.......###..##........#≈.§§.....≈
............###..####.#≈≈§§≈≈≈##.
.........#.###........##########.
.......#...##...#####.# #≈§
........#..##.#.# #.# #### #§§
................#####.# ##..# #§§
......(..#.)..........###...# #≈.
......#....##..............## #≈.


You could see a white ugly thing.

Vanquished Creatures
  An orc warrior (D:7)
  2 black bears
  2 ice beasts (D:5)
  A necrophage (D:5)
  A phantom (D:6)
  An ogre (D:6)
  A water moccasin zombie (D:6)
  A scorpion (D:4)
  2 howler monkeys
  A crimson imp (D:6)
  A bullfrog zombie (D:6)
  2 hounds
  3 orc wizards
  2 orc priests
  A bullfrog skeleton (D:4)
  2 iguanas (D:6)
  5 worker ants
  A hound skeleton (D:3)
  A hound zombie (D:6)
  A worker ant zombie (D:5)
  8 adders
  A shadow imp (D:7)
  4 oozes
  3 dart slugs
  2 leopard geckos
  29 orcs
  A ball python (D:3)
  6 goblins
  5 hobgoblins
  11 jackals
  3 quokkas
  7 bats
  4 frilled lizards
  5 kobolds
  4 rats
125 creatures vanquished.

Notes
Turn   | Place    | Note
-------+----------+-------------------------------------------
     0 | D:1      | tof the Minotaur Berserker began the quest for the Orb.
     0 | D:1      | Reached XP level 1. HP: 19/19 MP: 0/0
   182 | D:1      | Reached XP level 2. HP: 26/27 MP: 1/1
   496 | D:1      | Reached skill level 4 in Long Blades
   730 | D:1      | Reached XP level 3. HP: 33/33 MP: 2/2
   855 | D:1      | Reached skill level 1 in Throwing
  1998 | D:3      | Reached ** piety under Trog
  2057 | D:3      | Reached XP level 4. HP: 21/40 MP: 3/3
  2370 | D:3      | Reached skill level 1 in Shields
  2702 | D:4      | Reached XP level 5. HP: 44/47 MP: 4/4
  2706 | D:4      | Reached skill level 5 in Long Blades
  2963 | D:4      | Found a staircase to the Ecumenical Temple.
  2970 | D:4      | Found Efoh's Weapon Shoppe.
  3427 | D:4      | Reached XP level 6. HP: 49/53 MP: 5/5
  3742 | D:4      | Found a sparkling altar of Nemelex Xobeh.
  3915 | D:5      | Entered Level 5 of the Dungeon
  3962 | D:5      | Reached skill level 5 in Fighting
  4079 | D:5      | Noticed an ice beast
  4091 | D:5      | Killed an ice beast
  4091 | D:5      | Reached *** piety under Trog
  4091 | D:5      | Reached skill level 6 in Long Blades
  4091 | D:5      | Reached XP level 7. HP: 59/59 MP: 6/6
  4243 | D:4      | Bought a +1 vampiric falchion for 176 gold pieces
  4495 | D:5      | Found a shattered altar of Ashenzari.
  4687 | D:5      | Found a glowing silver altar of Zin.
  4859 | D:5      | Identified a scroll of acquirement
  5411 | D:6      | Reached skill level 7 in Long Blades
  5420 | D:6      | Reached XP level 8. HP: 53/67 MP: 7/7
  5758 | D:6      | Reached skill level 5 in Armour
  6032 | D:6      | Received a gift from Trog
  6106 | D:6      | Found a shadowy altar of Dithmenos.
  6322 | D:7      | Reached skill level 8 in Long Blades
  6322 | D:7      | Reached skill level 5 in Dodging
  6585 | D:7      | Noticed a green ugly thing
  6595 | D:7      | Noticed a cyan ugly thing
  6654 | D:6      | Mangled by a white ugly thing

Vault maps used:
D:1:      nicolae_arrival_somewhat_less_tricky_arrival
D:4:      temple_doors_e, first_bread, serial_shops, shop,
          nemelex_dance_club_becter
D:5:      evilmike_ruin_ashenzari, basic_altar
D:6:      nicolae_dithmenos_through_a_glass_darkly, kennysheep_cross_bottleneck
D:7:      minmay_the_grid_octo_triangle, uniq_prince_ribbit1

Skill      XL: |  1  2  3  4  5  6  7  8 |
---------------+-------------------------+-----
Long Blades    | 4 5 6 7 8 |  8.0
Throwing       | 1 2 3 |  3.9
Fighting       | 4 5 6 |  6.2
Armour         | 3 4 5 |  5.3
Dodging        | 3 4 5 |  5.0
Shields        | 1 2 3 4 |  4.3

Action                   |  1- 3 |  4- 6 |  7- 9 || total
-------------------------+-------+-------+-------++-------
Melee: Falchion          |    73 |   156 |   177 ||   406
       Headbutt          |    18 |    21 |    45 ||    84
Throw: Tomahawk          |       |       |    12 ||    12
Invok: Berserk           |       |     1 |     2 ||     3
  Use: Scroll            |       |     6 |     3 ||     9
  Eat: Chunk             |     1 |     5 |    23 ||    29
       Bread ration      |     1 |       |       ||     1
Armor: Leather armour    |     3 |       |       ||     3
       Ring mail         |     5 |    50 |    35 ||    90
Dodge: Dodged            |    54 |    55 |    59 ||   168
Block: Large shield      |    12 |   134 |   139 ||   285
       Rpst.: Falchion   |    13 |    14 |    16 ||    43

Table legend:
 A = Spawn XP
 B = Non-spawn XP
 C = Spawn XP percentage of total XP
 D = Spawn monster count
 E = Non-spawn monster count
 F = Spawn count percentage of total count
 G = Total turns spent on level
                    A         B        C        D         E        F      G
               +---------+---------+-------+---------+---------+-------+---------
         Total |       0 |    2318 |   0.0 |       0 |     125 |   0.0 |  6654
               +---------+---------+-------+---------+---------+-------+---------
           D:1 |       0 |      44 |   0.0 |       0 |      21 |   0.0 |   975
           D:2 |       0 |      17 |   0.0 |       0 |       7 |   0.0 |   954
           D:3 |       0 |     108 |   0.0 |       0 |      24 |   0.0 |   685
           D:4 |       0 |     380 |   0.0 |       0 |      26 |   0.0 |  1403
           D:5 |       0 |     676 |   0.0 |       0 |      18 |   0.0 |  1146
           D:6 |       0 |     642 |   0.0 |       0 |      15 |   0.0 |  1005
           D:7 |       0 |     451 |   0.0 |       0 |      14 |   0.0 |   486
               +---------+---------+-------+---------+---------+-------+---------
